 Dungeon Crawl Stone Soup version 0.21.1-1-g345015f (webtiles) character file.

28766 zishaf the Blocker (level 13, -3/190 HPs)
             Began as a Deep Dwarf Fighter on May 18, 2018.
             Was a High Priest of Makhleb.
             Slain by a harpy (6 damage)
             ... summoned by Kirke
             ... on level 3 of the Lair of Beasts.
             The game lasted 00:44:20 (11912 turns).

zishaf the Blocker (Deep Dwarf Fighter)            Turns: 11912, Time: 00:44:20

Health: -3/190     AC:  0    Str: 28    XL:     13   Next: 11%
Magic:  18/18      EV: 13    Int: 11    God:    Makhleb [*****.]
Gold:   1213       SH:  0    Dex: 14    Spells: 12/12 levels left

rFire    . . .     SeeInvis .   (weapon currently unavailable)
rCold    . . .     Gourm    .   (shield currently unavailable)
rNeg     . . .     Faith    .   (armour currently unavailable)
rPois    .         Spirit   .   (helmet currently unavailable)
rElec    .         Reflect  .   (cloak currently unavailable)
rCorr    .         Harm     .   (gloves currently unavailable)
MR       +....                  (boots currently unavailable)
Stlth    ..........             (no amulet)
HPRegen  0.00/turn              (ring currently unavailable)
MPRegen  0.16/turn              (ring currently unavailable)

@: berserking, pig-form, non-regenerating, very quick
A: small, damage resistance, heal wounds, clever 1, deterioration 1, sense
surroundings 2, no regeneration
a: Heal Wounds, Minor Destruction, Lesser Servant of Makhleb, Major Destruction,
Greater Servant of Makhleb, Renounce Religion


You were on level 3 of the Lair of Beasts.
You worshipped Makhleb.
Makhleb was extremely pleased with you.
You were very hungry.
You were a filthy swine.
You visited 2 branches of the dungeon, and saw 15 of its levels.
You also visited: Sewer and Ossuary.

You collected 1213 gold pieces.

Inventory:

Hand Weapons
 a - a +1 demon whip of electrocution (melded)
 b - a +0 hunting sling
 Y - the +7 flail "Isioxih" {pain, rC- MR+ Str+5}
   (You found it on level 2 of the Lair of Beasts)

   In the hands of one skilled in necromantic magic, it inflicts extra damage on
   living creatures.
   It affects your strength (+5).
   It makes you vulnerable to cold.
   It affects your resistance to hostile enchantments.
Missiles
 u - 483 stones (quivered)
 v - 69 sling bullets
Armour
 e - a +0 plate armour (melded)
 L - a +0 cloak (melded)
 N - a +0 large shield (melded)
 P - a +2 pair of gloves (melded)
 V - a +2 hat (melded)
Jewellery
 n - a +4 ring of slaying (melded)
 s - an uncursed ring of see invisible
 y - a +3 ring of evasion (melded)
 A - an uncursed ring of protection from magic
 Q - an uncursed amulet of faith
Wands
 t - a wand of enslavement (13)
 B - a wand of flame (53)
 G - a wand of iceblast (6)
 U - a wand of polymorph (9)
 X - a wand of paralysis (14)
Scrolls
 g - 12 scrolls of fear
 h - 3 scrolls of blinking {unknown}
 i - 6 scrolls of magic mapping
 j - a scroll of torment {unknown}
 o - 2 scrolls of noise {unknown}
 q - 2 scrolls of amnesia {unknown}
 w - 3 scrolls of enchant weapon {unknown}
 x - a scroll of holy word {unknown}
 z - 5 scrolls of remove curse
 E - 2 scrolls of fog {unknown}
 I - a scroll of enchant armour {unknown}
 J - 4 scrolls of teleportation {unknown}
 K - a scroll of acquirement {unknown}
 O - 5 scrolls of immolation {unknown}
 R - a scroll of random uselessness {unknown}
 T - a scroll of vulnerability {unknown}
Potions
 c - a potion of cancellation
 d - 5 potions of might
 k - 2 potions of agility
 l - 7 potions of curing
 m - a potion of resistance
 p - 2 potions of berserk rage
 C - a potion of ambrosia
 D - 4 potions of lignification
 F - 5 potions of haste
 H - 2 potions of heal wounds
 M - 2 potions of invisibility
 W - 4 potions of flight
 Z - a potion of magic
Comestibles
 f - 22 rations
 S - 11 chunks of flesh


   Skills:
 - Level 11.0 Fighting
   Level 7.0(8.6) Axes
 + Level 7.0(8.1) Maces & Flails
 - Level 7.0 Slings
 - Level 8.0 Armour
 + Level 11.7 Shields
 * Level 9.0 Invocations
 * Level 9.0 Evocations


You had 12 spell levels left.
You didn't know any spells.

Dungeon Overview and Level Annotations

Branches:
Dungeon (11/15)            Temple (0/1) D:5            Lair (4/6) D:11
 Spider (0/4) Lair:3          Orc (0/2) D:11
  Swamp: Lair:2-4    Shoals: Lair:2-4

Altars:
Ashenzari
Dithmenos
Fedhas
Gozag
Makhleb
Okawaru
Trog
Zin
The Shining One
Beogh

Shops:
D:6 (   D:7 %

Annotations:
Lair:3 Kirke


Innate Abilities, Weirdness & Mutations

You are resistant to damage.
You can heal yourself by infusing magical energy.
You passively map the area around you.
You do not regenerate.
Your mind is acute. (Int +2)
Your body sometimes deteriorates upon taking damage.


Message History

The harpy screeches!
The harpy claws you.
* * * LOW HITPOINT WARNING * * *
The harpy claws you.
* * * LOW HITPOINT WARNING * * *
Kirke points at you and mumbles some strange words.
You resist with some effort. The hippogriff misses you.
The hippogriff pecks you!
* * * LOW HITPOINT WARNING * * *
The hippogriff misses you.
You barely miss Kirke.
Kirke is severely wounded.
The harpy barely misses you. The harpy closely misses you.
You are too berserk!
You bite Kirke!
Kirke is almost dead.
The harpy claws you!
* * * LOW HITPOINT WARNING * * *
The harpy claws you!
You die...

####.....## #....# #.# ##.##..
..........# #...####.# #.###.
###.##...#####.....#..## ##..##.
#.###.#..##..........# #...###
####..####.......#..## #..###.
##.P###.........######.## ##
#..###.#...H#P...##..#.## ##
#P.#..#...#@H...........# #. #
#####....##.##h#.....#P#..## ##
###.# ##.......#÷H.....####..# #.
...## ##......##......####P.#####
...# #.......#.........##..##...
.#.####P.......##.....#.###..#.##
.............#####....#^.........
.....................P##.#..#####
..............###..#######P.P## #
...#.##...##...###..#######..P#


You could see Kirke, a hippogriff and 2 harpies.

Vanquished Creatures
  2 hydras (Lair:1)
  2 two-headed ogres
  An unseen horror (D:10)
  A shambling mangrove (Lair:3)
  An oklob plant (Lair:3)
  A cyclops (D:11)
  3 elephants (Lair:3)
  2 black mambas
  4 spiny frogs
  3 komodo dragons
  A jumping spider (Lair:3)
  3 hornets (Lair:3)
  12 blink frogs
  2 wandering mushrooms (Lair:3)
  2 hippogriffs
  4 wyverns
  22 yaks
  7 hogs
  Grum (D:9)
  2 basilisks
  2 hungry ghosts
  A soldier ant (D:10)
  7 water moccasins
  Duvessa (D:6)
  6 porcupines
  A sky beast (D:8)
  14 orc warriors
  2 swamp drakes (D:11)
  3 phantoms
  An eye of draining (D:10)
  2 ice beasts (D:11)
  A necrophage (D:11)
  36 wolves
  3 centaurs
  7 ogres
  An elf zombie (Ossuary)
  3 big kobolds
  2 crocodiles (Lair:1)
  11 bullfrogs
  A gnoll sergeant (D:5)
  A wyvern zombie (D:6)
  Dowan (D:6)
  2 wyvern skeletons
  4 scorpions
  14 wights
  4 howler monkeys (D:10)
  An electric eel (Lair:2)
  A crimson imp (D:6)
  5 human zombies (Ossuary)
  2 bullfrog zombies
  7 centaur zombies
  3 jellies
  A quasit (D:7)
  6 hounds
  A bullfrog skeleton (D:11)
  5 orc priests
  12 orc wizards
  A centaur skeleton (D:10)
  2 iguanas
  Terence (D:3)
  9 worker ants
  A killer bee zombie (D:6)
  2 hound skeletons
  3 mummies (Ossuary)
  13 gnolls
  A howler monkey skeleton (D:10)
  20 adders
  A river rat (D:6)
  2 shadow imps
  3 oozes
  An adder skeleton (D:5)
  2 worms (D:3)
  A dart slug (D:2)
  6 leopard geckos
  60 orcs
  A giant cockroach (D:2)
  5 goblins
  5 hobgoblins
  8 jackals
  5 quokkas
  7 ball pythons
  7 bats
  10 frilled lizards
  A jackal skeleton (D:8)
  25 kobolds
  A leopard gecko skeleton (D:8)
  12 rats
  20 plants
487 creatures vanquished.

Vanquished Creatures (others)
  An orc (D:11)
  5 fungi
6 creatures vanquished.

Grand Total: 493 creatures vanquished

Notes
Turn   | Place    | Note
-------+----------+-------------------------------------------
     0 | D:1      | zishaf the Deep Dwarf Fighter began the quest for the Orb.
     0 | D:1      | Reached XP level 1. HP: 20/20 MP: 1/1
    73 | D:1      | Reached XP level 2. HP: 24/27 MP: 2/2
   448 | D:2      | Reached XP level 3. HP: 28/33 MP: 3/3
   563 | D:2      | Reached XP level 4. HP: 33/40 MP: 4/4
   651 | D:2      | Reached skill level 5 in Axes
   953 | D:2      | Found a burning altar of Makhleb.
   965 | D:2      | Became a worshipper of Makhleb the Destroyer
  1010 | D:2      | Found a glowing golden altar of the Shining One.
  1060 | D:3      | Reached XP level 5. HP: 37/46 MP: 5/5
  1185 | D:3      | Noticed Terence
  1191 | D:3      | Killed Terence
  1585 | D:3      | Found a shadowy altar of Dithmenos.
  1592 | D:3      | Found a bloodstained altar of Trog.
  1884 | D:4      | Reached XP level 6. HP: 6/55 MP: 6/6
  1928 | D:4      | Reached * piety under Makhleb
  1928 | D:4      | Reached skill level 1 in Slings
  1997 | D:4      | Found an iron altar of Okawaru.
  2190 | D:4      | Reached XP level 7. HP: 54/62 MP: 7/7
  2308 | D:4      | Found an opulent altar of Gozag.
  2536 | D:4      | Gained mutation: Your body sometimes deteriorates upon taking damage. [potion of mutation]
  2536 | D:4      | Gained mutation: Your mind is acute. (Int +2) [potion of mutation]
  2562 | D:5      | Entered Level 5 of the Dungeon
  2570 | D:5      | Found a sand-covered staircase.
  2585 | D:5      | Reached ** piety under Makhleb
  2597 | Ossuary  | Entered an ossuary
  2620 | Ossuary  | Reached skill level 5 in Armour
  2699 | Ossuary  | Reached XP level 8. HP: 50/73 MP: 8/8
  2851 | D:5      | Reached skill level 5 in Fighting
  2877 | D:5      | Found a staircase to the Ecumenical Temple.
  2897 | D:5      | Reached skill level 5 in Slings
  3499 | D:5      | Found a blossoming altar of Fedhas.
  3909 | D:6      | Reached *** piety under Makhleb
  3948 | D:6      | Found Jilack's Antique Weapon Shoppe.
  4026 | D:6      | Found a glowing drain.
  4038 | D:6      | Gained mutation: You passively map the area around you. [Deep Dwarf growth]
  4038 | D:6      | Reached XP level 9. HP: 29/82 MP: 9/9
  4070 | Sewer    | Entered a sewer
  4551 | D:6      | Noticed Duvessa
  4551 | D:6      | Noticed Dowan
  4558 | D:6      | Killed Duvessa
  4558 | D:6      | Reached **** piety under Makhleb
  4574 | D:6      | Killed Dowan
  4777 | D:6      | Reached skill level 1 in Evocations
  4873 | D:6      | Reached skill level 1 in Invocations
  5025 | D:6      | Found a bloodstained altar of Trog.
  5256 | D:7      | Found a shattered altar of Ashenzari.
  5617 | D:7      | Found Ysaileak's Food Shop.
  5885 | D:7      | Got a thick robe
  5902 | D:7      | Identified the +0 robe "Emeohoucsa" {rF++ rN+ Str+2} (You found it on level 7 of the Dungeon)
  6125 | D:8      | Found a glowing silver altar of Zin.
  6126 | D:8      | Noticed an angel
  6290 | D:8      | Reached XP level 10. HP: 94/94 MP: 13/13
  6515 | D:9      | Noticed Grum
  6530 | D:9      | Killed Grum
  6566 | D:9      | Reached skill level 5 in Evocations
  6608 | D:9      | Reached skill level 5 in Invocations
  6661 | D:9      | Reached skill level 5 in Shields
  6736 | D:9      | You fall through a shaft for 2 floors!
  6804 | D:10     | Entered Level 10 of the Dungeon
  6820 | D:10     | Noticed an unseen horror
  7024 | D:10     | Reached ***** piety under Makhleb
  7088 | D:10     | Found a roughly hewn altar of Beogh.
  7102 | D:10     | Reached skill level 1 in Maces & Flails
  7257 | D:10     | Killed an unseen horror
  7279 | D:10     | Noticed a two-headed ogre
  7284 | D:10     | Killed a two-headed ogre
  7292 | D:10     | Got a brightly glowing leather armour
  7309 | D:10     | Identified the cursed +0 leather armour of Obbail {MR+ Str+4} (You found it on level 10 of the Dungeon)
  7355 | D:10     | Reached XP level 11. HP: 57/104 MP: 14/14
  7732 | D:11     | Reached skill level 5 in Maces & Flails
  7755 | D:11     | Noticed a two-headed ogre
  7781 | D:11     | Killed a two-headed ogre
  8055 | D:11     | Found a staircase to the Orcish Mines.
  8297 | D:11     | Found a staircase to the Lair.
  8349 | D:11     | Reached ****** piety under Makhleb
  8595 | Lair:1   | Entered Level 1 of the Lair of Beasts
  8665 | Lair:1   | Reached skill level 10 in Fighting
  8938 | Lair:1   | Noticed a seven-headed hydra
  8947 | Lair:1   | Killed a seven-headed hydra
  8947 | Lair:1   | Reached skill level 10 in Shields
  8981 | Lair:1   | Noticed a seven-headed hydra
  8990 | Lair:1   | Killed a seven-headed hydra
  8990 | Lair:1   | Reached XP level 12. HP: 63/117 MP: 14/14
 10031 | Lair:2   | Got a twisted flail
 10032 | Lair:2   | Identified the +7 flail "Isioxih" {pain, rC- MR+ Str+5} (You found it on level 2 of the Lair of Beasts)
 10672 | Lair:3   | Paralysed by a hornet for 1 turns
 10678 | Lair:3   | Paralysed by a hornet for 1 turns
 11036 | Lair:3   | Found a hole to the Spider Nest.
 11689 | Lair:4   | Reached XP level 13. HP: 127/127 MP: 18/18
 11753 | Lair:4   | Noticed Kirke
 11912 | Lair:3   | HP: 3/190 [harpy[Kirke] (11)]
 11912 | Lair:3   | Slain by a harpy

Skill      XL: |  1  2  3  4  5  6  7  8  9 10 11 12 13 |
---------------+----------------------------------------+-----
Axes           | 3 4 5 6 7 |  7.0
Slings         | 2 4 6 7 |  7.0
Fighting       | 3 4 5 7 8 10 11 | 11.0
Armour         | 4 5 7 8 |  8.0
Evocations     | 4 5 8 9 |  9.0
Invocations    | 4 5 8 9 |  9.0
Shields        | 4 7 10 11 | 11.7
Maces & Flails | 4 5 6 7 |  7.0

Action                   |  1- 3 |  4- 6 |  7- 9 | 10-12 | 13-15 || total
-------------------------+-------+-------+-------+-------+-------++-------
Melee: War axe           |    86 |   154 |   472 |   181 |       ||   893
       Demon whip        |       |       |       |   864 |    88 ||   952
       Unarmed           |       |       |       |       |    15 ||    15
 Fire: Hunting sling     |       |       |    41 |    33 |       ||    74
Invok: Lesser Servant of |       |       |       |       |     1 ||     1
       Major Destruction |       |       |       |       |     1 ||     1
 Abil: Heal Wounds       |       |     3 |     7 |     9 |     5 ||    24
Evoke: Wand              |       |       |       |     6 |       ||     6
  Use: Scroll            |       |       |    13 |     7 |       ||    20
       Potion            |       |       |     1 |       |     1 ||     2
 Stab: Confused          |       |       |       |     1 |       ||     1
  Eat: Chunk             |       |     5 |    12 |    19 |       ||    36
       Ration            |       |       |     2 |       |       ||     2
Armor: Scale mail        |    54 |    55 |    97 |       |       ||   206
       Plate armour      |       |       |   109 |   336 |   137 ||   582
Dodge: Dodged            |    32 |    38 |    92 |    77 |    80 ||   319
Block: Shield            |    51 |    75 |   155 |       |       ||   281
       Large shield      |       |       |    70 |   719 |   245 ||  1034
